Match 45565035
Unlisted

Match 45565035
End
Construct Barracks
Engineer Squad
1⁄4-ton 4x4 Truck
Riflemen Squad
Riflemen Squad
Infantry Support Center
Riflemen Squad
Selects Heavy Weapons
Construct Weapon Support Center
Grenade Package
M3 Armored Personnel Carrier
Selects Assault Carriers
Selects Exchangeable Parts
M1918 Browning Automatic Rifles
Advanced Logistics
M3 Assault Carrier
M3 Assault Carrier
Riflemen Squad
Construct Medical Station
Engineer Squad
Riflemen Squad
Survival Training
Riflemen Squad
Selects M2HB .50cal Heavy Machine Gun
Selects Gallant Stand
Selects Black Dragon Artillery Barrage
M3 Assault Carrier
M3 Assault Carrier
M3 Assault Carrier
Construct Tank Depot
M4(105) Sherman Bulldozer
Selects M26 Pershing Heavy Tank
M26 Pershing Heavy Tank
M3 Assault Carrier
M18 Hellcat Tank Destroyer
Black Dragon Artillery Barrage
1⁄4-ton 4x4 Truck
M26 Pershing Heavy Tank
M18 Hellcat Tank Destroyer
Black Dragon Artillery Barrage
M18 Hellcat Tank Destroyer
M18 Hellcat Tank Destroyer
M4(105) Sherman Bulldozer
Black Dragon Artillery Barrage
M18 Hellcat Tank Destroyer
Black Dragon Artillery Barrage
Jishinki
tethuya
正五边形战士-王德发[wtf]
thanasis00gk
mi prima de Cifuentes
trempets
Ryan
a1m$k3
0
0

Comments sign in to comment!

No comments posted yet!